 Dungeon Crawl Stone Soup version 0.18-a0-1120-g03bd624 (webtiles) character file.

28683 gorblad the Blocker (level 13, -13/169 HPs)
             Began as a Minotaur Fighter on Jan 17, 2016.
             Was the Champion of Okawaru.
             Mangled by a golden dragon simulacrum (29 damage)
             ... in an ice cave.
             The game lasted 00:35:28 (12218 turns).

gorblad the Blocker (Minotaur Fighter)             Turns: 12218, Time: 00:35:28

Health: -13/169    AC: 26    Str: 34    XL:     13   Next: 11%
Magic:  10/12      EV:  2    Int:  5    God:    Okawaru [******]
Gold:   1053       SH: 18    Dex: 10    Spells: 0 memorised, 12 levels left

rFire  + + .     SeeInvis .     V - +8 dagger of Duty {freeze, -Tele rF+ Str+5}
rCold  . . .     Gourm    .     (armour currently unavailable)
rNeg   + + +     Faith    .     c - +2 shield
rPois  +         Spirit   .     (helmet currently unavailable)
rElec  .         Dismiss  .     (cloak currently unavailable)
rCorr  .         Reflect  .     (gloves currently unavailable)
SustAt .         Harm     .     (boots currently unavailable)
MR     .....     NoTele   +     (no amulet)
Stlth  +++++.....               F - ring of protection from fire
                                q - +3 ring of strength

@: tree-form, heroism, studying Polearms, not resistant to hostile enchantments,
quite stealthy
A: (retaliatory headbutt), (horns 0)
a: Heroism, Finesse, Renounce Religion


You were in an ice cave.
You worshipped Okawaru.
Okawaru was exalted by your worship.
You were near starving.
You were a tree.
You visited 3 branches of the dungeon, and saw 12 of its levels.
You also visited: Labyrinth, Ossuary and Ice Cave.

You collected 1053 gold pieces.

Inventory:

Hand Weapons
 a - a +1 war axe
 V - the +8 dagger of Duty (weapon) {freeze, -Tele rF+ Str+5}
   (You found it in a labyrinth)

   It has been specially enchanted to freeze those struck by it, causing extra
   injury to most foes and up to half again as much damage against particularly
   susceptible opponents.
   It can also slow down cold-blooded creatures.
   It affects your strength (+5).
   It protects you from fire.
   It prevents most forms of teleportation.
Armour
 c - a +2 shield (worn)
 j - the +1 plate armour "Luuqaz" (melded) {Regen+ Str+2}
   (Okawaru gifted it to you in an ice cave)

   It affects your strength (+2).
   It increases your rate of regeneration.
 m - a +4 ring mail of positive energy
 p - a +2 pair of gloves (melded)
 E - a +0 pair of boots (melded)
 M - the +1 hat "Ulal" (melded) {rCorr Str+5}
   (Okawaru gifted it to you on level 1 of the Lair of Beasts)

   It affects your strength (+5).
   It protects you from acid and corrosion.
 W - a +2 cloak of invisibility (melded)
 X - the +2 leather armour of Terror {rElec Regen+ Str-3 Dex+7}
   (You found it in a labyrinth)

   It affects your strength (-3).
   It affects your dexterity (+7).
   It insulates you from electricity.
   It increases your rate of regeneration.
Jewellery
 e - a +2 ring of evasion {unknown}
 q - a +3 ring of strength (left branch)
 r - an uncursed ring of positive energy
 F - a ring of protection from fire (right branch)
Wands
 t - a wand of disintegration (10/24)
 D - a wand of random effects (24/48)
 G - a wand of paralysis (6/24)
Scrolls
 b - 3 scrolls of fog
 n - 4 scrolls of remove curse
 o - a scroll of magic mapping
 u - a scroll of silence {unknown}
 v - 2 scrolls of recharging
 y - 2 scrolls of blinking
 I - 2 scrolls of fear
 J - a scroll of teleportation
Potions
 d - a potion of might
 i - 2 potions of agility
 k - 5 potions of lignification
 s - 2 potions of berserk rage {unknown}
 w - 2 potions of flight
 z - 4 potions of magic
 B - 2 potions of mutation {unknown}
 C - 3 potions of brilliance {unknown}
Books
 L - a book of Fire

   Spells                             Type                      Level
   a - Ignite Poison                  Fire/Transmutation/Poison    3
   b - Fireball                       Conjuration/Fire             5
   c - Bolt of Fire                   Conjuration/Fire             6
   d - Delayed Fireball               Conjuration/Fire             7
   e - Ring of Flames                 Charms/Fire                  7
 R - a manual of Polearms
Miscellaneous
 Y - a sack of spiders
Comestibles
 f - 10 bread rations
 g - 21 fruits
 h - 3 slices of pizza
 l - 4 meat rations
 x - 9 beef jerkies


   Skills:
 + Level 10.2(15.2) Fighting
 * Level 6.9(11.9) Short Blades
 - Level 12.0(17.0) Axes
 + Level 9.7(14.7) Armour
 + Level 11.1(16.1) Dodging
 + Level 2.2(7.2) Stealth
 + Level 13.8(18.8) Shields


You had 12 spell levels left.
You didn't know any spells.

Dungeon Overview and Level Annotations

Branches:
Dungeon (8/15)             Temple (0/1) D:4            Lair (3/8) D:8
 Spider (1/4) Lair:3
  Swamp: Lair:3-6    Shoals: Lair:3-6

Altars:
Ashenzari
Cheibriados
Dithmenos
Fedhas
Nemelex Xobeh
Okawaru
Pakellas
Ru
Sif Muna
Trog
Vehumet
Xom
Yredelemnul


Innate Abilities, Weirdness & Mutations

((You reflexively headbutt those who attack you in melee.))
((You have a pair of horns on your head.))


Message History

* * * LOW HITPOINT WARNING * * *
The anaconda simulacrum freezes you!
* * * LOW HITPOINT WARNING * * *
You block the anaconda simulacrum's attack.
You puncture the anaconda simulacrum!
The anaconda simulacrum vapourises!
Okawaru accepts your kill.
You cannot move.
You cannot move.
You cannot move.
You puncture the golden dragon simulacrum!
You hit the golden dragon simulacrum but do no damage.
You block the golden dragon simulacrum's attack.
The golden dragon simulacrum claws you but does no damage.
The golden dragon simulacrum tramples you but does no damage.
You hit the golden dragon simulacrum. You hit the golden dragon simulacrum.
The golden dragon simulacrum bites you.
* * * LOW HITPOINT WARNING * * *
The golden dragon simulacrum freezes you!!
You die...

### ##.## ##
###...## #.
##...##.#### ##
##.#.#≈##...#
##♣..##≈≈##..###
#Z###≈##≈≈##...###
#5.#
#≈≈#≈≈##....##
##..#
##≈#≈≈##....# ##..
≈##≈###..# 5##
###...### 5
#...####. .
##...#### .#
###...##


You could see a white imp and a golden dragon simulacrum.

Vanquished Creatures
  A minotaur (Lab)
  2 hydras (Lair:3)
  The ghost of gorblad the Blocker, a novice DrFi of Dithmenos (D:7)
  A lindwurm (Lair:3)
  A hornet (Spider:1)
  3 wolf spiders (Spider:1)
  10 elephants
  A manticore (D:8)
  4 black mambas
  2 spiny frogs
  The ghost of ThermosAquaticus the Carver, a novice HEAK of Lugonu (D:6)
  2 komodo dragons
  3 freezing wraiths (IceCv)
  2 anaconda simulacra (IceCv)
  An ice devil (IceCv)
  3 jumping spiders
  A slime creature (D:8)
  A polar bear (Lair:3)
  9 blink frogs
  9 redbacks
  2 tarantellas (Spider:1)
  Sigmund (D:4)
  The ghost of gorblad the Shield-Bearer, an amateur MiFi (D:4)
  2 basilisks (Lair:1)
  19 yaks
  A hippogriff (Lair:2)
  2 vampire mosquitoes (Lair:1)
  13 wolves
  An iron troll simulacrum (IceCv)
  An insubstantial wisp (Lair:1)
  2 harpy simulacra (IceCv)
  4 water moccasins
  Duvessa (D:7)
  2 hydra simulacra (IceCv)
  4 porcupines
  4 sky beasts
  An ice beast (D:7)
  A wasp (Spider:1)
  4 orc warriors
  A phantom (D:4)
  A swamp drake (Lair:1)
  5 ogres
  2 centaurs (D:6)
  A boggart (D:8)
  A crocodile (Lair:2)
  A big kobold (D:8)
  A wyvern zombie (D:8)
  7 giant frogs
  Dowan (D:7)
  3 scorpions
  A killer bee (D:8)
  4 wights
  A giant frog zombie (D:6)
  5 crimson imps
  2 draconian simulacra (IceCv)
  A centaur zombie (D:8)
  2 quasits (D:7)
  4 hounds
  3 orc priests
  A jelly (D:7)
  12 orc wizards
  8 iguanas
  A troll simulacrum (IceCv)
  10 worker ants
  A spriggan simulacrum (IceCv)
  A wolf simulacrum (IceCv)
  A killer bee zombie (D:8)
  2 centaur simulacra (IceCv)
  A hound zombie (D:6)
  9 mummies
  Robin (D:4)
  3 gnolls (D:6)
  5 adders
  An ogre simulacrum (IceCv)
  18 river rats
  4 shadow imps
  16 white imps
  4 ufetubi (IceCv)
  An adder zombie (D:8)
  3 worms
  6 giant geckos
  30 orcs
  4 giant cockroaches
  A gnoll zombie (Ossuary)
  14 goblins
  10 hobgoblins
  7 jackals
  3 quokkas
  14 bats
  A giant gecko skeleton (D:5)
  11 giant newts
  5 hobgoblin zombies
  13 kobolds
  2 kobold zombies (Ossuary)
  2 orc zombies
  2 quokka skeletons
  A quokka zombie (D:5)
  18 rats
  A fungus (D:8)
  3 plants
422 creatures vanquished.

Vanquished Creatures (others)
  A crocodile (Lair:1)
  2 fungi
  2 plants
5 creatures vanquished.

Grand Total: 427 creatures vanquished

Notes
Turn   | Place    | Note
--------------------------------------------------------------
     0 | D:1      | gorblad the Minotaur Fighter began the quest for the Orb.
     0 | D:1      | Reached XP level 1. HP: 19/19 MP: 0/0
   133 | D:1      | Reached XP level 2. HP: 22/27 MP: 1/1
   170 | D:1      | Reached skill level 4 in Shields
  1001 | D:2      | Reached XP level 3. HP: 33/33 MP: 2/2
  1163 | D:2      | Found a sacrificial altar of Ru.
  1316 | D:2      | Found an iron altar of Okawaru.
  1507 | D:2      | Became a worshipper of Warmaster Okawaru
  1979 | D:3      | Found a radiant altar of Vehumet.
  1986 | D:3      | Reached skill level 1 in Dodging
  2046 | D:3      | Reached XP level 4. HP: 40/40 MP: 3/3
  2218 | D:4      | Noticed gorblad's ghost (amateur MiFi)
  2229 | D:4      | Killed gorblad's ghost
  2229 | D:4      | Reached * piety under Okawaru
  2229 | D:4      | Reached skill level 5 in Armour
  2229 | D:4      | Reached skill level 5 in Shields
  2229 | D:4      | Reached XP level 5. HP: 17/47 MP: 4/4
  2430 | D:4      | Noticed Robin
  2437 | D:4      | Killed Robin
  2449 | D:4      | Noticed a phantom
  2463 | D:4      | Reached XP level 6. HP: 42/53 MP: 5/5
  2469 | D:4      | Found a staircase to the Ecumenical Temple.
  2473 | D:4      | Reached ** piety under Okawaru
  2538 | D:4      | Noticed Sigmund
  2559 | D:4      | Killed Sigmund
  2559 | D:4      | Reached skill level 5 in Fighting
  2559 | D:4      | Reached XP level 7. HP: 20/61 MP: 6/6
  2766 | D:4      | Found a sparkling altar of Nemelex Xobeh.
  2917 | D:4      | Found a shimmering altar of Xom.
  2920 | D:4      | Found a basalt altar of Yredelemnul.
  2921 | D:4      | Found a bloodstained altar of Trog.
  3029 | D:4      | Found a blossoming altar of Fedhas.
  3070 | D:4      | Reached skill level 5 in Axes
  3450 | D:5      | Entered Level 5 of the Dungeon
  3465 | D:5      | Found a snail-covered altar of Cheibriados.
  3487 | D:5      | Reached *** piety under Okawaru
  3521 | D:5      | Reached skill level 6 in Armour
  3558 | D:5      | Reached XP level 8. HP: 58/69 MP: 7/7
  3632 | D:5      | Found a sand-covered staircase.
  3638 | Ossuary  | Entered an ossuary
  4553 | D:6      | Received a gift from Okawaru
  4553 | D:6      | Reached skill level 5 in Dodging
  4765 | D:6      | Found a deep blue altar of Sif Muna.
  4797 | D:6      | Reached skill level 7 in Armour
  4843 | D:6      | Noticed ThermosAquaticus's ghost (novice HEAK)
  4886 | D:6      | Killed ThermosAquaticus's ghost
  4886 | D:6      | Reached **** piety under Okawaru
  4888 | D:6      | Reached XP level 9. HP: 54/78 MP: 8/8
  5395 | D:7      | Noticed Duvessa
  5396 | D:7      | Noticed Dowan
  5402 | D:7      | Killed Duvessa
  5424 | D:7      | Killed Dowan
  5467 | D:7      | Found a shadowy altar of Dithmenos.
  5493 | D:7      | Reached skill level 8 in Axes
  5547 | D:7      | Noticed gorblad's ghost (novice DrFi)
  5584 | D:7      | Killed gorblad's ghost
  5584 | D:7      | Reached ***** piety under Okawaru
  5951 | D:7      | Reached skill level 9 in Axes
  6096 | D:7      | Found a shattered altar of Ashenzari.
  6311 | D:8      | Reached XP level 10. HP: 63/88 MP: 9/9
  6506 | D:8      | Found a staircase to the Lair.
  6890 | D:8      | Noticed a manticore
  6905 | D:8      | Killed a manticore
  6905 | D:8      | Reached skill level 10 in Axes
  6905 | D:8      | Reached skill level 10 in Shields
  7169 | D:8      | Found an oddly glowing altar of Pakellas.
  7207 | D:8      | Reached ****** piety under Okawaru
  7535 | Lair:1   | Entered Level 1 of the Lair of Beasts
  7658 | Lair:1   | Noticed a spiny frog
  7670 | Lair:1   | Killed a spiny frog
  7670 | Lair:1   | Reached skill level 11 in Axes
  7677 | Lair:1   | Received a gift from Okawaru
  7691 | Lair:1   | Reached XP level 11. HP: 74/95 MP: 10/10
  7697 | Lair:1   | Got a slimy hat {god gift}
  7703 | Lair:1   | Identified the +1 hat "Ulal" {rCorr Str+5} (Okawaru gifted it to you on level 1 of the Lair of Beasts)
  7866 | Lair:1   | Found a labyrinth entrance.
  7896 | Lab      | Entered a labyrinth
  8668 | Lab      | Noticed a minotaur
  8681 | Lab      | Killed a minotaur
  8681 | Lab      | Reached skill level 12 in Axes
  8766 | Lab      | Got a smoking dagger
  8766 | Lab      | Got a jacinth-encrusted leather armour
  8993 | Lair:1   | Identified the +2 leather armour of Terror {rElec Regen+ Str-3 Dex+7} (You found it in a labyrinth)
  8993 | Lair:1   | Identified the +8 dagger of Duty {freeze, -Tele rF+ Str+5} (You found it in a labyrinth)
  9240 | Lair:1   | Reached skill level 1 in Short Blades
  9645 | Lair:2   | Received a gift from Okawaru
 10174 | Lair:2   | Reached XP level 12. HP: 59/106 MP: 11/11
 10690 | Lair:3   | Reached skill level 1 in Stealth
 10862 | Lair:3   | Received a gift from Okawaru
 10867 | Lair:3   | Reached skill level 5 in Short Blades
 11155 | Lair:3   | Noticed a seven-headed hydra
 11163 | Lair:3   | Reached skill level 10 in Dodging
 11163 | Lair:3   | Reached skill level 13 in Shields
 11164 | Lair:3   | Noticed a seven-headed hydra
 11167 | Lair:3   | Killed a seven-headed hydra
 11167 | Lair:3   | Reached skill level 10 in Fighting
 11174 | Lair:3   | Killed a seven-headed hydra
 11320 | Lair:3   | Found a hole to the Spider Nest.
 11430 | Spider:1 | Entered Level 1 of the Spider Nest
 11902 | Spider:1 | Found a frozen archway.
 11937 | IceCv    | Entered an ice cave
 12009 | IceCv    | Reached XP level 13. HP: 81/113 MP: 12/12
 12161 | IceCv    | Received a gift from Okawaru
 12169 | IceCv    | Got an ancient plate armour {god gift}
 12180 | IceCv    | Identified the +1 plate armour "Luuqaz" {Regen+ Str+2} (Okawaru gifted it to you in an ice cave)
 12218 | IceCv    | Mangled by a golden dragon simulacrum

Vault maps used:
D:1:      onia_arrival_pyramid
D:2:      okawaru_metal_pillars_1_2, old_standard_altar
D:3:      lemuel_doored_altar
D:4:      nicolae_overflow_hidden_temple, kennysheep_little_box,
          minmay_temple_entry_junction2, fedhas_altar_fruit_tree, uniq_sigmund,
          uniq_robin
D:5:      cheibriados_altar_1, first_bread, nicolae_ossuary_entry_giza
D:6:      kennysheep_mini
D:7:      lemuel_round_altar, lemuel_crystal_altar, grunt_ogre_cave,
          uniq_duvessa
D:8:      hangedman_cross_veins, grunt_lair_entry_orc_guard_hut,
          minmay_misc_feat_tower, grunt_pakellas_salt
Lair:1:   lab_entry_generic, pond
Lair:3:   nicolae_spider_entry_tight_spaces, grunt_forest_large_clearings
Spider:1: portal_ice_cave_entry_imps
Lab:      labyrinth_mini_lab
Ossuary:  ossuary_tomb_3
IceCv:    ice_cave_caverns_01

Action                   |  1- 3 |  4- 6 |  7- 9 | 10-12 | 13-15 || total
-------------------------+-------+-------+-------+-------+-------++-------
Melee: War axe           |   118 |    66 |   403 |   245 |       ||   832
       Dagger            |       |       |       |   452 |    75 ||   527
Invok: Heroism           |       |       |     1 |     2 |     1 ||     4
  Use: Scroll            |     6 |     1 |    14 |     8 |       ||    29
       Potion            |       |       |     7 |     7 |     5 ||    19
 Stab: Invisible         |       |       |       |     2 |     8 ||    10
       Sleeping          |       |       |       |     2 |       ||     2
  Eat: Chunk             |     4 |     1 |    14 |    12 |       ||    31
       Bread ration      |       |       |       |     1 |       ||     1
       Fruit             |       |       |       |     2 |       ||     2
